[Event "*** Titled Tuesday Blitz"]
[Site "Chess.com"]
[Date "2018.12.04"]
[Round "2"]
[White "Frolik67"]
[Black "severomorskij"]
[Result "1-0"]
[WhiteElo "2661"]
[BlackElo "2734"]
[TimeControl "180+2"]
[EndTime "13:23:19 PST"]
[Termination "Frolik67 won on time"]

1. e4 c5 2. Nf3 Nc6 3. Bb5 d6 4. O-O Bd7 5. c3 Nf6 6. Re1 a6 7. Ba4 b5 8. Bc2 Bg4 9. h3 Bxf3 10. Qxf3 g6 11. d3 Bg7 12. Bg5 O-O 13. Nd2 Nd7 14. Bb3 b4 15. Rac1 Rb8 16. Bd5 h6 17. Bf4 Nde5 18. Qe3 Kh7 19. d4 bxc3 20. bxc3 cxd4 21.
cxd4 Nxd4 22. Qxd4 Nf3+ 23. Nxf3 Bxd4 24. Nxd4 Rb2 25.
Bb3 e5 26. Nc6 Qd7 27. Be3 f5 28. Red1 fxe4 29. Nxe5 Qe7 30. Nc4 Rxb3 31. axb3 Rd8 32. Rd5 g5 33. Rcd1 Qb7 34. Na5 Qc7 35. Nc4 Qb7 36.
Na5 Qc7 37. Rc1 Qf7 38. Rd4 d5 39. Rc6 Qh5 40. Rxa6 Qe2 41. Ra7+ Kg6 42. Kh2 g4 43. Nc6 g3+ 44. Kxg3 Rd6 45. Ne5+ Kh5 46. Kh2 Rf6 47. Rxd5 Rxf2 48. Bxf2 1-0

[Event "*** Titled Tuesday Blitz"]
[Site "Chess.com"]
[Date "2018.12.04"]
[Round "2"]
[White "gmjlh"]
[Black "GMG"]
[Result "1/2-1/2"]
[WhiteElo "2676"]
[BlackElo "2673"]
[TimeControl "180+2"]
[EndTime "13:23:19 PST"]
[Termination "Game drawn by agreement"]

1. d4 d5 2. c4 e6 3. Nf3 c6 4.
e3 Bd6 5. Bd3 f5 6. O-O Nf6 7.
b3 Qe7 8. Bb2 O-O 9. Qc1 b6 10.
Ba3 Ne4 11. Bxd6 Qxd6 12. Ne5 Nd7 13. f4 Nxe5 14. fxe5 Qe7 15. Nd2 Bb7 16. cxd5 cxd5 17. Nxe4 fxe4 18. Be2 Rxf1+ 19. Bxf1 Rc8 20. Qb2 Qc7 21.
Be2 Qc3 22. Qxc3 Rxc3 23. Kf2 a5 24. Ke1 Kf7 25. Kd2 Rc8 26. Rb1 Bc6 27. b4 axb4 28. Rxb4 Ra8 29. Rxb6 Rxa2+ 30. Ke1 Bd7 31. Rb7 Ke8 32.
Bh5+ Ke7 33. Be2 Ke8 34. h4 Kd8 35. Rb8+ Ke7 36. Rh8 h6 37. Rg8 Kf7 38. Rb8 Ke7 39.
Rb7 Kd8 40. g4 Kc8 41. Rb1 Kc7 42. Rc1+ Kd8 43. Rb1 Bc8 44. Rb6 Kc7 45. Rd6 Bd7 46.
g5 hxg5 47. hxg5 g6 48. Ra6 Rxa6 49. Bxa6 Kb6 50. Be2 Ka5 51. Kd2 Kb4 1/2-1/2

[Event "*** Titled Tuesday Blitz"]
[Site "Chess.com"]
[Date "2018.12.04"]
[Round "2"]
[White "Fianchettoed-Tower"]
[Black "SmoothAsAHedgehog"]
[Result "1/2-1/2"]
[WhiteElo "2481"]
[BlackElo "2547"]
[TimeControl "180+2"]
[EndTime "13:23:20 PST"]
[Termination "Game drawn by agreement"]

1. e4 e5 2. Nf3 Nc6 3. Bc4 Bc5 4. c3 Nf6 5. d3 d6 6. O-O O-O 7. Bg5 h6 8. Bh4 Be6 9. Nbd2 Bb6 10. b4 Qe7 11.
Kh1 Nd8 12. Bb3 g5 13. Bg3 a5 14. Nc4 Bxc4 15. Bxc4 axb4 16. cxb4 Ne6 17. a4 Nh5 18. a5 Ba7 19. h3 Nhf4 20. Nh2 c6 21. Ng4 Kh7 22.
Ne3 Rad8 23. Nf5 Qf6 24. Bxf4 gxf4 25. Qf3 Rg8 26. b5 d5 27. Bb3 Ng5 28. Qh5 dxe4 29. dxe4 Nxe4 30. b6 Rg5 31. Qxf7+ Qxf7 32. Bxf7 Rxf5 33.
Bb3 Bb8 34. Bc2 Rd4 35. Rae1 Rf7 36. Bxe4+ Kg7 37. f3 Rfd7 38. Ra1 Rb4 39. a6 bxa6 40. Rxa6 Rb7 41. Bxc6 R7xb6 42. Rxb6 Rxb6 43. Be4 Bd6 44. Rd1 Kf6 45. h4 Ke6 46. h5 Kf6 47. Rc1 Kg5 48. Rc6 Rxc6 49. Bxc6 Kxh5 50. Be4 Kh4 51. Bd5 Kg3 52.
Be4 h5 53. Bd5 h4 54. Be4 Kf2 55. Kh2 Be7 56. Kh3 Ke3 57. Bd5 Kd4 58. Be4 Kc4 59.
Ba8 1/2-1/2

[Event "*** Titled Tuesday Blitz"]
[Site "Chess.com"]
[Date "2018.12.04"]
[Round "2"]
[White "WPWPWP-2015"]
[Black "hypert"]
[Result "1-0"]
[WhiteElo "2275"]
[BlackElo "2370"]
[TimeControl "180+2"]
[EndTime "13:23:22 PST"]
[Termination "WPWPWP-2015 won by checkmate"]

1. e4 c5 2. Nf3 Nc6 3. d4 cxd4 4.
Nxd4 Nf6 5. Nc3 d6 6. Nb3 e6 7.
Be2 Be7 8. O-O O-O 9. Be3 Bd7 10. f4 e5 11. f5 a5 12. a4 Nb4 13. Bf3 Bc6 14.
Rf2 d5 15. exd5 Nfxd5 16. Bxd5 Nxd5 17. Nxd5 Qxd5 18. Qxd5 Bxd5 19. Bc5 Bxc5 20. Nxc5 Rfd8 21. Re1 b6 22. Nd3 f6 23. Re3 Rac8 24. h3 Rc4 25. b3 Rc3 26. Rfe2 Rdc8 27. Ne1 Kf7 28. Kf2 Ke7 29. g4 Bf7 30. Rxc3 Rxc3 31. Re3 Rc8 32. c4 h5 33. Rd3 hxg4 34. hxg4 Rh8 35. Kg2 Be8 36.
Nc2 Bc6+ 37. Kg3 Rh1 38. Ne3 Rg1+ 39. Kf2 Rb1 40. Ke2 Be4 41. Rc3 Rb2+ 42. Ke1 Rb1+ 43. Kf2 Kd6 44. Nf1 Kc5 45. Nd2 Rb2 46. Ke1 Bc2 47. Rg3 Kb4 48. g5 Bxb3 49. gxf6 gxf6 50. Rg6 Bxc4 51. Rxf6 e4 52. Rxb6+ Kc3 53. Rxb2 Kxb2 54. Nxc4+ Kb3 55. f6 Kxa4 56. f7 Kb3 57. Ne3 a4 58.
f8=Q a3 59. Qb8+ Ka2 60. Kd2 Ka1 61. Kc2 a2 62. Qb2# 1-0

[Event "*** Titled Tuesday Blitz"]
[Site "Chess.com"]
[Date "2018.12.04"]
[Round "2"]
[White "schoolmeester"]
[Black "GadimbayliA"]
[Result "0-1"]
[WhiteElo "2751"]
[BlackElo "2658"]
[TimeControl "180+2"]
[EndTime "13:23:26 PST"]
[Termination "GadimbayliA won by resignation"]

1. e4 e6 2. e5 d5 3. d4 c5 4. c3 Nc6 5. Nf3 f5 6. Bd3 Nh6 7. Na3 Nf7 8. h4 Be7 9. Nc2 c4 10. Be2 b5 11. Ne3 Bd7 12. g4 fxg4 13. Nxg4 b4 14.
Bd2 a5 15. h5 a4 16. h6 g6 17. cxb4 Nxb4 18. Kf1 O-O 19. Qb1 Nc6 20. Rg1 Kh8 21.
Qc1 Qb6 22. Bc3 a3 23. bxa3 Rxa3 24. Nf6 Rxc3 25. Qxc3 Bxf6 26. exf6 Nd6 27. Ne5 Nxe5 28. dxe5 Ne4 29. Qe1 c3 30. Bd3 Nd2+ 31. Kg2 d4 32.
Qe2 Bc6+ 33. Kh3 Bf3 34. Qe1 Qc5 35. Rg5 Bd5 36. Rg3 Nf3 37. Rxf3 Bxf3 38. Kg3 Ba8 39. f3 Kg8 40. Rb1 Bd5 41. a4 Ra8 42. Rb5 Qc7 43. f4 Rxa4 44. Rxd5 exd5 45. e6 Ra8 46. Bb5 g5 47. e7 Qxf4+ 48. Kh3 Qf3+ 49. Qg3 Qxg3+ 50. Kxg3 Kf7 51. Bc6 c2 52. Bxa8 c1=Q 53. Bxd5+ Ke8 0-1

[Event "*** Titled Tuesday Blitz"]
[Site "Chess.com"]
[Date "2018.12.04"]
[Round "2"]
[White "Vamostodorecto"]
[Black "Orest_Vovk"]
[Result "1/2-1/2"]
[WhiteElo "2422"]
[BlackElo "2400"]
[TimeControl "180+2"]
[EndTime "13:23:29 PST"]
[Termination "Game drawn by repetition"]

1. d4 h6 2. c4 g5 3. Nc3 Bg7 4. e4 c5 5. d5 Bxc3+ 6. bxc3 d6 7. h4 g4 8. Bd3 Nf6 9. Ne2 Qa5 10. O-O Nbd7 11. f4 gxf3 12. gxf3 Ne5 13. Bf4 Rg8+ 14.
Kh2 Nfd7 15. Qd2 h5 16. Kh1 Nxd3 17. Qxd3 f6 18. Ng3 Qa4 19. Nxh5 Rh8 20. Ng7+ Kf7 21. Nf5 Ne5 22. Bxe5 Bxf5 23. Bg3 Bh3 24. Rf2 Rag8 25. Kh2 Bc8 26. f4 b6 27. e5 Ba6 28. Qf5 Bc8 29. Qe4 Rh5 30. exd6 exd6 31. Re1 Re8 32. Qf3 Rhh8 33.
Rfe2 Rxe2+ 34. Rxe2 Qxc4 35. Qe3 Qxd5 36. Qe7+ Kg6 37. f5+ Qxf5 38. Rg2 Qh3+ 39. Kg1 Bg4 40. Qxd6 Re8 41. Qd3+ Kf7 42. Qh7+ Ke6 43. Qe4+ Kf7 44.
Qh7+ Ke6 45. Qe4+ Kf7 46. Qh7+ Ke6 47. Qe4+ Kf7 48. Qh7+ Ke6 49. Qe4+ Kf7 50. Qh7+ 1/2-1/2

[Event "*** Titled Tuesday Blitz"]
[Site "Chess.com"]
[Date "2018.12.04"]
[Round "2"]
[White "nOcHeaTiNgKiD"]
[Black "BvsN"]
[Result "1/2-1/2"]
[WhiteElo "2427"]
[BlackElo "2293"]
[TimeControl "180+2"]
[EndTime "13:23:33 PST"]
[Termination "Game drawn by repetition"]

1. c4 e5 2. Nc3 Bb4 3. Nd5 Bc5 4. Nf3 c6 5. Nc3 d6 6. e3 Qe7 7. d4 exd4 8. Nxd4 Nf6 9. Be2 O-O 10. O-O Re8 11. a3 a5 12. Rb1 Nbd7 13. b4 axb4 14. axb4 Bb6 15. Bb2 Ne5 16. h3 Ng6 17. Re1 Ne4 18.
Nxe4 Qxe4 19. Bf3 Qe7 20. Ra1 Rxa1 21. Bxa1 Nh4 22. Bg4 Qe4 23. f3 Bxg4 24. hxg4 Qe7 25. g3 Bxd4 26. Bxd4 Ng6 27. Qa1 f6 28. c5 Ne5 29.
Bxe5 dxe5 30. Rd1 f5 31. Qa2+ Kh8 32. gxf5 Qg5 33. Kf2 Qxf5 34. e4 Qh5 35. Kg2 Rf8 36. Rd3 h6 37. Qd2 Kh7 38. Qd1 Rf7 39. Rd7 Qg6 40.
Rxf7 Qxf7 41. Qd6 Qa2+ 42. Kh3 Qe2 43. Qxe5 Qxf3 44. Qf5+ Qxf5+ 45. exf5 Kg8 46. Kg4 Kf7 47. Kf4 Kf6 48. g4 g6 49. fxg6 Kxg6 50. Kf3 Kg5 51.
Kg3 Kf6 52. Kf4 Kg6 53. Kf3 Kf6 54. Kf4 Kg6 55. Kf3 Kf6 56. Kf4 1/2-1/2

[Event "*** Titled Tuesday Blitz"]
[Site "Chess.com"]
[Date "2018.12.04"]
[Round "2"]
[White "biostatistician"]
[Black "ruvat"]
[Result "1-0"]
[WhiteElo "2448"]
[BlackElo "2296"]
[TimeControl "180+2"]
[EndTime "13:23:34 PST"]
[Termination "biostatistician won on time"]

1. d4 d6 2. Nf3 g6 3. c4 Bg7 4. Nc3 Bg4 5. e3 Nc6 6. Be2 e5 7. h3 Bxf3 8. Bxf3 exd4 9. exd4 Nge7 10. O-O O-O 11. Re1 Bxd4 12. Bg5 Be5 13. Nd5 f6 14. Bh6 Re8 15. Qd2 Nf5 16. Bf4 Ncd4 17. Be4 c6 18. Nc3 Ne6 19. Bxf5 Nxf4 20. Be4 f5 21. Bf3 Qf6 22. Rac1 Re7 23. Re3 Rae8 24. Rd1 Ne6 25. Rd3 Nc5 26. Re3 a5 27. Ree1 Bxc3 28.
bxc3 Rxe1+ 29. Rxe1 Rxe1+ 30. Qxe1 Qe5 31. Qd2 Kg7 32. g3 h6 33. h4 Kf6 34. Kg2 Kg7 35.
Kg1 Na4 36. Kg2 Nxc3 37. Qb2 b5 38. Bxc6 b4 39. Bf3 Na4 40. Qd2 Nc5 41. Bd5 h5 42. Qg5 a4 43. Qd8 Qf6 44. Qc7+ Kh6 45. Bg8 Qg7 46.
Qxd6 Ne4 47. Qd8 b3 48. axb3 axb3 49. f3 b2 50. fxe4 1-0

[Event "*** Titled Tuesday Blitz"]
[Site "Chess.com"]
[Date "2018.12.04"]
[Round "2"]
[White "tigra"]
[Black "akretchetov"]
[Result "1-0"]
[WhiteElo "2793"]
[BlackElo "2352"]
[TimeControl "180+2"]
[EndTime "13:23:38 PST"]
[Termination "tigra won by resignation"]

1. d4 Nf6 2. g4 h6 3. Bg2 d5 4.
h3 c5 5. c3 cxd4 6. cxd4 Nc6 7. Nc3 e6 8. a3 Bd7 9. e3 Rc8 10. Nge2 Na5 11. O-O Be7 12. Ng3 Nc4 13. f4 a6 14. g5 Ng8 15. h4 hxg5 16. hxg5 Nd6 17. Bd2 Bb5 18. Rf2 Bd3 19. Rc1 Bg6 20. b3 Nf5 21.
Nxf5 Bxf5 22. b4 Bd6 23. Na4 Ne7 24. Nc5 Rc7 25. b5 Nc8 26. bxa6 b6 27. Nb7 Qd7 28.
Rxc7 Qxc7 29. Bf1 O-O 30. Rh2 Bg6 31. Bb4 Bxb4 32. axb4 Qc3 33. Qd2 Qa1 34. Kf2 Ne7 35. Qe1 Qa2+ 36. Kg1 Qa3 37. Nd6 Rd8 38. Nb5 Qxa6 39.
Qc1 Qb7 40. Qc7 Qxc7 41. Nxc7 Rc8 42. Na6 Rc1 43. Rd2 Nf5 44. Kf2 Nd6 45. Bg2 Nc4 46.
Ra2 Rb1 47. Nb8 Rxb4 48. Ra8 Kh7 49. Nd7 Be4 50. Nf8+ Kg8 51. Nxe6+ Kh7 52. Nf8+ Kg8 53. Bxe4 dxe4 54. f5 Nd6 55. Ng6+ 1-0

[Event "*** Titled Tuesday Blitz"]
[Site "Chess.com"]
[Date "2018.12.04"]
[Round "2"]
[White "Muguet7"]
[Black "Schachmalanders"]
[Result "1/2-1/2"]
[WhiteElo "2446"]
[BlackElo "2316"]
[TimeControl "180+2"]
[EndTime "13:23:40 PST"]
[Termination "Game drawn by agreement"]

1. d4 d5 2. c4 e6 3. Nc3 c6 4. e3 f5 5. Nf3 Nf6 6. b3 Bd6 7. Bd3 O-O 8. O-O Bd7 9. Ne2 Be8 10. Nf4 Qe7 11. Bb2 h6 12. Be2 g5 13. Nd3 Bh5 14. Nfe5 Bxe2 15. Qxe2 Nbd7 16. f3 Kh7 17. a3 Rg8 18. b4 Rg7 19. Nxd7 Nxd7 20. Ne5 Nxe5 21. dxe5 Bc7 22. cxd5 cxd5 23. e4 dxe4 24. fxe4 f4 25.
Rac1 Rgg8 26. Kh1 Rgd8 27. Rfd1 Rxd1+ 28. Rxd1 Rd8 29. Rc1 Bb6 30. h3 Qd7 31. Qg4 Rf8 32. Rd1 Qf7 33. Qf3 Qe7 34. Bd4 g4 35. Qxg4 f3 36.
Bxb6 fxg2+ 37. Qxg2 axb6 38. Rg1 Qf7 39. h4 Qf3 40.
Rc1 Qf7 41. Rg1 Qf3 42. Qxf3 Rxf3 43. Rc1 Rxa3 44. Rc7+ Kg6 45. Rxb7 Kh5 46. Rxb6 Kxh4 47. Rxe6 h5 48. b5 Kg3 49. Rg6+ Kf4 50. e6 Ra7 51. b6 Rb7 52. Rf6+ Kxe4 53. Rf7 Rxb6 54. e7 Re6 55. Rf1 Kd5 56. Rd1+ Kc6 57. Rc1+ Kd7 58. Rc5 Kxe7 59. Rxh5 Re2 60. Kg1 1/2-1/2

[Event "*** Titled Tuesday Blitz"]
[Site "Chess.com"]
[Date "2018.12.04"]
[Round "2"]
[White "NikolaGry"]
[Black "Guenplen"]
[Result "0-1"]
[WhiteElo "2635"]
[BlackElo "2822"]
[TimeControl "180+2"]
[EndTime "13:23:44 PST"]
[Termination "Guenplen won by resignation"]

1. e4 c5 2. Nf3 e6 3. d4 cxd4 4. Nxd4 Nc6 5. Nc3 a6 6. Nxc6 bxc6 7. Bd3 d5 8. O-O Nf6 9. Qe2 Be7 10. b3 O-O 11. Bb2 Bb7 12. Rad1 Qc7 13. Na4 dxe4 14. Bxe4 Nxe4 15. Qxe4 c5 16. Qg4 g6 17. Qh3 Rfd8 18. Qc3 f6 19. Ba3 Rxd1 20. Rxd1 Rd8 21. Rxd8+ Qxd8 22. Qd3 Qc7 23. Qe3 Qd6 24. Qd3 Qe5 25. Qd2 Bd6 26.
f4 Qxf4 27. Qxf4 Bxf4 28. Nxc5 Bc8 29. Nd3 Be3+ 30. Kf1 e5 31. c4 Kf7 32. Bc1 Ba7 33. h3 Ke6 34. Ke2 Bb7 35. g3 Bc8 36. Be3 Bb8 37.
b4 Ke7 38. g4 h5 39. Nf2 hxg4 40. hxg4 f5 41. gxf5 gxf5 42. a4 f4 43. Bc5+ Ke6 44. Kd3 Kf5 45. Ne4 Bb7 46. Nd6+ Bxd6 47. Bxd6 e4+ 48.
Kd4 e3 49. Kd3 Bg2 50. c5 Bf1+ 51. Kc2 Ke4 52. c6 f3 53. Bg3 Bh3 54. Kd1 f2 55. Bxf2 exf2 56. Ke2 f1=Q+ 57. Kd2 Qd3+ 0-1

[Event "*** Titled Tuesday Blitz"]
[Site "Chess.com"]
[Date "2018.12.04"]
[Round "2"]
[White "Msb2"]
[Black "TregubovP"]
[Result "1-0"]
[WhiteElo "2744"]
[BlackElo "2561"]
[TimeControl "180+2"]
[EndTime "13:23:44 PST"]
[Termination "Msb2 won by resignation"]

1. d4 Nf6 2. Nf3 c5 3. d5 b5 4.
Bg5 Qb6 5. Bxf6 Qxf6 6. c3 g6 7. e4 Qb6 8. Nbd2 Bg7 9. Be2 O-O 10. O-O d6 11. a4 b4 12. Nc4 Qc7 13. cxb4 cxb4 14. Rc1 Nd7 15. Nd4 Nc5 16. Nc6 Nxe4 17.
Bf3 Nc5 18. Re1 e6 19. dxe6 Bxe6 20. Nxd6 Nb3 21. Rxe6 fxe6 22. Qxb3 Qxd6 23. Rd1 Qc5 24. h4 Rxf3 25. Qxf3 Rf8 26. Qe4 Qxf2+ 27. Kh1 Kh8 28. Rd8 Rxd8 29. Nxd8 Qxb2 30. Qa8 Qc1+ 31. Kh2 Be5+ 32.
g3 Qd2+ 33. Kh3 Qd5 34. Nf7+ Kg7 35. Qxd5 exd5 36. Nxe5 Kf6 37. Nd3 b3 38. Kg4 Ke6 39. Kf4 h5 40. a5 Kd6 41. Ke3 Kc6 42. Kd4 Kb5 43. Kc3 Kxa5 44. Kxb3 Kb5 45. Nf4 d4 46. Nxg6 a5 47. Ne5 a4+ 48. Ka3 Kc5 49. Kxa4 Kd5 50. Ng6 Ke4 51. Kb3 Kf3 52. Kc4 Kxg3 53. Kxd4 Kg4 54.
Ke5 1-0

[Event "*** Titled Tuesday Blitz"]
[Site "Chess.com"]
[Date "2018.12.04"]
[Round "2"]
[White "mitrabhaa"]
[Black "gmcorrales"]
[Result "0-1"]
[WhiteElo "2580"]
[BlackElo "2785"]
[TimeControl "180+2"]
[EndTime "13:23:47 PST"]
[Termination "gmcorrales won on time"]

1. Nf3 Nf6 2. g3 g6 3. Bg2 c5 4. O-O Bg7 5. b3 Nc6 6. Bb2 O-O 7. c4 d6 8. d4 Bf5 9. d5 Na5 10. Nbd2 a6 11. Re1 b5 12. e4 Bg4 13. h3 Bxf3 14. Bxf3 bxc4 15. bxc4 Nd7 16. Bxg7 Kxg7 17. Qc2 Ne5 18.
Bg2 Rb8 19. f4 Nd7 20. Rab1 Qc7 21. h4 h5 22. Bf3 Kg8 23. Kg2 Rxb1 24. Rxb1 Rb8 25.
g4 hxg4 26. Bxg4 Nf6 27. Bf3 Kg7 28. Qc3 Rxb1 29. Nxb1 Qb6 30. Nd2 Qb4 31. Qxb4 cxb4 32. Be2 Nd7 33. Kf3 Nc5 34. Ke3 b3 35. a3 b2 36. Bd3 Nab3 37. Nxb3 Nxb3 38. Bc2 Nc5 39. Kd2 Kh6 40. Kc3 Kh5 41. Kxb2 Kxh4 42. Kc3 Kg4 43. f5 g5 44. Kd4 f6 45. Ke3 Kg3 46. Bd1 g4 47. Be2 a5 48. Bd1 Nd7 49. Be2 Ne5 50. Kd4 Kf4 51. c5 dxc5+ 52. Kxc5 g3 53. Bf1 Kxe4 54. Kb5 Kxd5 0-1

[Event "*** Titled Tuesday Blitz"]
[Site "Chess.com"]
[Date "2018.12.04"]
[Round "2"]
[White "Zq1"]
[Black "MartinNeu"]
[Result "1/2-1/2"]
[WhiteElo "2511"]
[BlackElo "2488"]
[TimeControl "180+2"]
[EndTime "13:23:55 PST"]
[Termination "Game drawn by agreement"]

1. d4 Nf6 2. c4 e6 3. g3 c5 4. Nf3 cxd4 5. Nxd4 Bb4+ 6. Bd2 Be7 7. Bg2 Nc6 8. e3 O-O 9. O-O d5 10. cxd5 Nxd4 11.
exd4 Nxd5 12. Nc3 Bf6 13. Nxd5 exd5 14. Qb3 Be6 15. Bb4 Re8 16. Bc3 Qd7 17. Rfe1 b6 18. a4 Rab8 19. Rac1 Rec8 20. h4 h6 21. Qb5 Qb7 22.
Ra1 a6 23. Qb3 Qd7 24. Bf1 Qb7 25. a5 b5 26. Rac1 Qa7 27. Rcd1 b4 28. Bd2 Bxd4 29. Be3 Bxe3 30. Qxe3 Qxe3 31. Rxe3 Rc5 32. Bxa6 Rxa5 33.
Bf1 Ra2 34. Rd2 Ra1 35. Kg2 Rc8 36. Be2 g5 37. hxg5 hxg5 38. Bf3 g4 39. Bxd5 Rcc1 40.
f4 Rg1+ 41. Kf2 Raf1+ 42. Ke2 Re1+ 43. Kf2 Rgf1+ 44. Kg2 Rg1+ 45. Kf2 Rgf1+ 46. Kg2 Rxe3 47. Kxf1 Rxg3 48. Bxe6 fxe6 49. Rd7 Rb3 50. Re7 Rxb2 51. Rxe6 b3 52. Rb6 g3 53. Kg1 Kf8 54. Rb7 Ke8 55. f5 Kf8 56. Rb4 Kf7 57. Rb6 Ke7 58. Re6+ Kf7 59.
Rb6 g2 60. Kh2 Ke7 61. Re6+ Kf7 62. Rb6 Ke7 1/2-1/2

[Event "*** Titled Tuesday Blitz"]
[Site "Chess.com"]
[Date "2018.12.04"]
[Round "2"]
[White "kasparik_garik"]
[Black "jmduque"]
[Result "1/2-1/2"]
[WhiteElo "2503"]
[BlackElo "2390"]
[TimeControl "180+2"]
[EndTime "13:23:59 PST"]
[Termination "Game drawn by repetition"]

1. e4 e5 2. Nf3 Nc6 3. Bb5 a6 4. Ba4 Nf6 5. d3 b5 6. Bb3 Be7 7. a3 d6 8. Nbd2 Na5 9. Ba2 c5 10. O-O O-O 11. Re1 Be6 12. Nf1 Bxa2 13. Rxa2 Nc6 14. Ra1 Re8 15. Bg5 Nd7 16. Bxe7 Nxe7 17.
Ne3 Nf8 18. c3 Ne6 19. d4 exd4 20. cxd4 d5 21. exd5 Nxd5 22. Nxd5 Qxd5 23. Re5 Qc4 24. dxc5 Nxc5 25. Rc1 Red8 26. Nd2 Qxc1 27. Qxc1 Nd3 28. Qb1 Nxe5 29. Nf1 Nc4 30. a4 Nd2 31. Qa2 Rac8 32. Nxd2 Rxd2 33. h4 h5 34. axb5 axb5 35. Qa6 Rc1+ 36.
Kh2 Rxf2 37. Qxb5 Rcc2 38. Qxh5 Rxg2+ 39. Kh3 Rxb2 40. Qd5 Rgd2 41. Qa8+ Kh7 42. Qe4+ g6 43. Qe7 Rd3+ 44. Kg4 Rd4+ 45. Kf3 Rb3+ 46. Ke2 Rf4 47. h5 gxh5 48. Qg5 Rbf3 49. Qxh5+ Kg7 50. Qg5+ Kf8 51.
Qd8+ Kg7 52. Qg5+ Kh7 53. Qh5+ Kg8 54. Qg5+ Kf8 55. Qd8+ Kg7 56. Qg5+ Kh8 57. Qh5+ Kg8 58. Qg5+ Kf8 59. Qd8+ Kg7 60. Qg5+ Kf8 61. Qd8+ Kg7 62. Qg5+ 1/2-1/2

[Event "*** Titled Tuesday Blitz"]
[Site "Chess.com"]
[Date "2018.12.04"]
[Round "2"]
[White "pedromartinez91"]
[Black "Fins0905"]
[Result "0-1"]
[WhiteElo "2386"]
[BlackElo "2655"]
[TimeControl "180+2"]
[EndTime "13:24:00 PST"]
[Termination "Fins0905 won by checkmate"]

1. e4 c5 2. Nf3 e6 3. c4 a6 4.
Nc3 Qc7 5. a3 Nf6 6. d4 cxd4 7.
Nxd4 b6 8. Be2 Bb7 9. f3 d6 10. O-O Nbd7 11. Kh1 g6 12. Be3 Bg7 13. Rc1 O-O 14.
b4 Rac8 15. Na4 Rfe8 16. Bg1 Qb8 17. Nb3 Bc6 18. Nb2 Bb7 19. Na4 Bc6 20. Nc3 b5 21.
Na5 bxc4 22. Bxc4 Bb5 23. Nxb5 axb5 24. Bb3 Rxc1 25. Qxc1 d5 26. exd5 exd5 27. Bd4 Nb6 28. Qc6 Re6 29. Qxb5 Ng4 30. fxg4 Bxd4 31. Nc6 Rxc6 32.
Qxc6 Qe5 33. a4 Qe2 34. Qb5 Nc4 35. Bxc4 dxc4 36. Qb8+ Kg7 37. Qf4 f6 38. Qc7+ Kh6 39.
Qf4+ Kg7 40. Qf3 Qd2 41. Rd1 Qb2 42. Qe4 Be5 43. Qxc4 Qf2 44. Qf1 Qh4 45. Rd7+ Kh6 46. g3 Qxg4 47. Qc1+ g5 48. Qb1 Qxd7 49. Qe4 Qd1+ 50.
Kg2 Qxa4 51. h4 Qa2+ 52. Kh3 Qe6+ 53. Kg2 Qd6 54. hxg5+ fxg5 55. Kh3 Kg7 56. b5 Bf6 57. Qb7+ Kg6 58. Qe4+ Kg7 59. Qb7+ Kh6 60. b6 Qe6+ 61. Kg2 Qe2+ 62. Kh3 g4# 0-1

[Event "*** Titled Tuesday Blitz"]
[Site "Chess.com"]
[Date "2018.12.04"]
[Round "2"]
[White "dreamist"]
[Black "GrigorGrigorov"]
[Result "0-1"]
[WhiteElo "2636"]
[BlackElo "2813"]
[TimeControl "180+2"]
[EndTime "13:24:04 PST"]
[Termination "GrigorGrigorov won by resignation"]

1. Nf3 Nf6 2. c4 c5 3. g3 b6 4. Bg2 Bb7 5. Nc3 e6 6. O-O a6 7. Re1 d6 8. e4 Nbd7 9. d4 cxd4 10. Nxd4 Qc7 11. Be3 Be7 12. Rc1 O-O 13. b3 Rac8 14.
Qc2 Qb8 15. Qb1 Rfe8 16. h3 Bf8 17. g4 g6 18. Nde2 b5 19. cxb5 axb5 20. b4 Ne5 21. Ng3 Bc6 22. Bd4 Bg7 23. f4 Nc4 24. g5 e5 25.
gxf6 exd4 26. fxg7 dxc3 27. Rxc3 Qa7+ 28. Kh2 Qd4 29.
Qa1 Ra8 30. Rd1 Qxg7 31. Nf5 Qf6 32. Nh6+ Kf8 33. Ng4 Qxf4+ 34. Kh1 Bxe4 35. Rf1 Rxa2 36. Rxf4 Bxg2+ 37. Kh2 Rxa1 38. Kxg2 h5 39. Nh6 f5 40.
Nxf5 gxf5 41. Rxf5+ Ke7 42. Rxh5 Rg8+ 43. Kh2 Ne5 44.
Rh7+ Ke6 45. Rh6+ Kd5 46. Rh5 Ra2+ 47. Kh1 Kd4 48. Rb3 Rc8 49. Rh4+ Kd5 50. Rb1 Rcc2 51. Rd1+ Kc6 52. Rf4 Rh2+ 53. Kg1 Rag2+ 54. Kf1 Nc4 55. Rc1 Kb6 56. Rcxc4 bxc4 57. Rxc4 Rc2 0-1

[Event "*** Titled Tuesday Blitz"]
[Site "Chess.com"]
[Date "2018.12.04"]
[Round "2"]
[White "LuisFSiles"]
[Black "goingin33"]
[Result "1-0"]
[WhiteElo "2241"]
[BlackElo "2187"]
[TimeControl "180+2"]
[EndTime "13:24:06 PST"]
[Termination "LuisFSiles won by resignation"]

1. d4 g6 2. c4 Bg7 3. Nf3 c5 4. Nc3 cxd4 5. Nxd4 Nc6 6. Nc2 Nf6 7. e4 O-O 8. Be2 d6 9. O-O Nd7 10. Bd2 Nc5 11. f3 a5 12. Rb1 f5 13. b3 f4 14.
Nb5 g5 15. g3 Bh3 16. Rf2 fxg3 17. hxg3 h6 18. Bc3 Ne5 19. f4 Nxe4 20. Qd5+ e6 21. Qxe4 gxf4 22. gxf4 Bf5 23. Qg2 Bxc2 24. Rbf1 Rf6 25.
Bh5 Ng6 26. Bxg6 Rxg6 27. Bxg7 Rxg2+ 28. Rxg2 Kf7 29. f5 Bxf5 30. Bc3 Qb6+ 31. Bd4 Qc6 32. Rg7+ Kf8 33. Bf6 a4 34. Nd4 Qc5 35. Kh2 axb3 36. Nxe6+ Bxe6 37. Bd4+ Bf5 38. Bxc5 Kxg7 39. Rxf5 Rxa2+ 40. Kg3 dxc5 41. Rxc5 Rc2 42. Rb5 b2 43. Rxb7+ Kg6 44.
c5 h5 45. c6 Kg5 46. Rb5+ Kg6 47. c7 Rc3+ 48. Kh4 Rc4+ 49. Kg3 Rxc7 50. Rb6+ Kg5 51. Rb5+ Kh6 52. Rb6+ Kg5 53. Rb5+ Kf6 54. Rb6+ Kf5 55. Rb5+ Ke4 56. Rxb2 Rc5 57. Kh4 Kf4 58. Rf2+ Ke3 59. Rg2 Kf3 60. Rg5 Rc4+ 61. Kxh5 Rc8 62. Rg7 Kf4 63. Kg6 Rc1 64. Rf7+ Kg4 65. Rb7 Rc6+ 66. Kf7 Kf5 67. Rb5+ Ke4 68. Ra5 Rh6 69. Ra4+ Kd5 70.
Ra5+ Kc6 71. Ra6+ Kb5 72. Rxh6 Kb4 73. Rh5 1-0

[Event "*** Titled Tuesday Blitz"]
[Site "Chess.com"]
[Date "2018.12.04"]
[Round "2"]
[White "rednova1729"]
[Black "iaraldinho"]
[Result "0-1"]
[WhiteElo "2521"]
[BlackElo "2485"]
[TimeControl "180+2"]
[EndTime "13:24:08 PST"]
[Termination "iaraldinho won by resignation"]

1. e4 c5 2. Nf3 a6 3. a4 e6 4.
Ra3 Nc6 5. Be2 d5 6. exd5 exd5 7.
Re3+ Be7 8. d4 Nf6 9. O-O O-O 10.
h3 Bf5 11. Re1 Rc8 12. Bd3 Bxd3 13. Rxd3 h6 14. c3 Qb6 15. Nbd2 cxd4 16. Nxd4 Nxd4 17.
Rxd4 Bc5 18. a5 Qa7 19. Rf4 Rfe8 20. Nb3 Rxe1+ 21. Qxe1 Re8 22. Qd1 Ne4 23. Nxc5 Qxc5 24. Be3 Qxa5 25. Rg4 Nf6 26. Rg3 Kh8 27. Bd4 Re6 28.
Kh2 Qc7 29. Qf3 Ne4 30. Bxg7+ Kh7 31. Qf5+ Rg6 32. Be5 Nxg3 33. fxg3 Qe7 34. Bd4 Qe6 35. Qf4 f6 36. h4 Qg4 37. Qd6 Qf5 38. b4 h5 39. Qe7+ Rg7 40. Qe3 Qe4 41. Qf2 Qg6 42. Qf4 Rf7 43. Qd6 Qf5 44. Qd8 Qe6 45.
Qb8 Rg7 46. Qf4 b6 47. Qf3 Qg4 48. Qd3+ Qg6 49. Qf3 a5 50. Bxb6 a4 51. Bf2 a3 52.
Qxd5 f5 53. Qd2 Qe6 54. Bd4 a2 55. Bxg7 a1=Q 56. Qg5 Qg6 57. Qf4 Kxg7 58. Qe5+ Qf6 59. Qc7+ Kg6 60. Qd8 Qaxc3 61. Qg8+ Qg7 0-1

[Event "*** Titled Tuesday Blitz"]
[Site "Chess.com"]
[Date "2018.12.04"]
[Round "2"]
[White "Alopekos"]
[Black "Panchenko_Dmitry"]
[Result "1/2-1/2"]
[WhiteElo "2481"]
[BlackElo "2535"]
[TimeControl "180+2"]
[EndTime "13:24:10 PST"]
[Termination "Game drawn by repetition"]

1. e4 e5 2. Nf3 Nf6 3. Nxe5 d6 4. Nf3 Nxe4 5. Nc3 Nxc3 6. dxc3 Be7 7. Bf4 O-O 8. Qd2 Nd7 9. O-O-O Nc5 10. Nd4 Bf6 11.
f3 a5 12. g4 Ne6 13. Be3 a4 14. a3 Nxd4 15. cxd4 d5 16. h4 Re8 17. g5 Be7 18. Bd3 Bd6 19. h5 Qe7 20. Rde1 g6 21. Bf4 Be6 22. Qh2 Bxf4+ 23. Qxf4 Qd6 24. Qh4 Bf5 25.
hxg6 Bxg6 26. f4 Bxd3 27. cxd3 Qg6 28. Qh3 Rad8 29. Kc2 Rxe1 30. Rxe1 Qc6+ 31. Kb1 Re8 32. Re5 Rxe5 33. dxe5 Qe6 34. Qe3 Qf5 35. Kc2 b6 36. Qd4 Qd7 37. Kd2 b5 38. Qa7 Kg7 39. Qd4 Kg6 40.
Qc5 Qf5 41. Qe3 c5 42. Qf3 c4 43. Qxd5 Qxf4+ 44. Kc3 cxd3 45. Qxd3+ Kxg5 46. Qxb5 Qe3+ 47. Kb4 Kf5 48. Kxa4 Qe4+ 49. b4 Qa8+ 50. Kb3 Qf3+ 51. Ka4 Qa8+ 52. Qa5 Qc6+ 53. Qb5 Qa8+ 54. Qa5 Qc6+ 55.
b5 Qc2+ 56. Kb4 Qd2+ 57. Ka4 Qc2+ 58. Kb4 Qd2+ 59. Ka4 Qc2+ 60. Kb4 Qd2+ 1/2-1/2